 Dungeon Crawl Stone Soup version 0.28.0-53-g5a82cb258f (webtiles) character file.

Game seed: 18134245715935165585

101 voltaire321 the Digger (level 4, 25/25 HPs)
             Began as a Deep Elf Earth Elementalist on Feb 8, 2022.
             Quit the game on level 2 of the Dungeon on Aug 24, 2022.
             The game lasted 00:06:23 (2199 turns).

voltaire321 the Digger (DEEE)                       Turns: 2199, Time: 00:06:24

Health: 25/25      AC:  3    Str:  5    XL:     4   Next: 48%
Magic:  11/11      EV: 13    Int: 22    God:
Gold:   59         SH:  0    Dex: 15    Spells: 4/10 levels left

rFire   . . .      SeeInvis .   l - +3 spear
rCold   . . .      Faith    .   (no shield)
rNeg    . . .      Spirit   .   d - +0 robe
rPois   .          Reflect  .   (no helmet)
rElec   .          Harm     .   (no cloak)
rCorr   .          Rampage  .   f - +0 pair of gloves
Will    .....                   (no boots)
Stlth   ++........              (no amulet)
HPRegen 0.08/turn               (no ring)
MPRegen 0.12/turn               (no ring)

@: no status effects
A: no striking features
a: no special abilities


You were on level 2 of the Dungeon.
You visited 1 branch of the dungeon, and saw 2 of its levels.

You collected 59 gold pieces.

Inventory:

Hand Weapons
 b - a +0 dagger of draining
 l - a +3 spear (weapon)
Missiles
 c - 57 stones
 k - a throwing net
 m - 3 curare-tipped darts
Armour
 d - a +0 robe (worn)
 f - a +0 pair of gloves (worn)
Wands
 i - a wand of charming (4)
 j - a wand of flame (14)
Scrolls
 a - a scroll of immolation {unknown}
 e - a scroll of noise {unknown}
 g - a scroll of fog {unknown}
 h - a scroll of vulnerability {unknown}
 n - a scroll of enchant weapon {unknown}


   Skills:
 + Level 1.3 Fighting
 + Level 3.3 Dodging
 - Level 2.4 Stealth
 + Level 3.7 Spellcasting
 + Level 0.8 Conjurations
 + Level 2.2 Transmutations
 + Level 3.8 Earth Magic


You had 4 spell levels left.
You knew the following spells:

 Your Spells              Type           Power      Damage    Failure   Level
a - Sandblast             Erth           42%        2d11      2%          1
b - Passwall              Tmut/Erth      14%        N/A       4%          2
c - Stone Arrow           Conj/Erth      28%        3d8       13%         3

Your spell library contained the following spells:

 Spells                   Type           Power      Damage    Failure   Level
 Petrify                  Tmut/Erth      17%        N/A       32%         4


Dungeon Overview and Level Annotations

Branches:
Dungeon (2/15)

Altars:


Message History

You barely miss the hobgoblin.
The hobgoblin is moderately wounded.
The hobgoblin misses you.
You closely miss the hobgoblin.
The hobgoblin is moderately wounded.
The hobgoblin hits you.
You hit the hobgoblin.
The hobgoblin is severely wounded.
The hobgoblin closely misses you. The hobgoblin hits you.
You hit the hobgoblin.
You kill the hobgoblin!
You start resting.
HP restored.
You see here a quokka corpse.
A kobold and a frilled lizard come into view.
Found a scroll labelled EKEKUAPAUNN.
The frilled lizard hisses angrily.
The kobold throws a stone.
The stone hits you but does no damage.
You hit the frilled lizard.
You kill the frilled lizard!
The kobold throws a stone.
The stone barely misses you.
You see here a frilled lizard corpse.
You reach to attack!
You closely miss the kobold.
The kobold throws a stone.
The stone closely misses you.
You reach to attack!
You hit the kobold.
You kill the kobold!
c - 57 stones (gained 5);
n - a scroll labelled EKEKUAPAUNN
Things that are here:
a +0 short sword; a kobold corpse You see here a frilled lizard corpse.
A hobgoblin comes into view.
You reach to attack!
The helpless hobgoblin fails to defend itself.
You hit the hobgoblin.
The hobgoblin is heavily wounded.
You hit the hobgoblin.
You kill the hobgoblin!
Welcome back, voltaire321 the Deep Elf Earth Elementalist.
Press ? for a list of commands and other information.
Are you sure you want to abandon this character and quit the game? (Confirm with "yes".)

#. #>#############
#.#.#.#...#.#.#
#####.##.#..#†)#.##
....#.#.#..###..#.#
....#.##..##.##†.##
.^..#.#..##...##..#
...#....##..).†...#
....#.#..##...##@.#
......##..##.##..#### ....#.#
#..###..#.#.## ###.#.#
#..#..#.##..#####..# .##...#
#...# #.#.........# ..#...#
##########...####...#
......####..........#.####...###
.................#.##.##.......##
.......###.÷....##.##.##.......<


There were no monsters in sight!

Vanquished Creatures
  5 gnolls
  An adder (D:2)
  5 ball pythons (D:1)
  5 endoplasms
  2 hobgoblins (D:2)
  4 kobolds
  A quokka (D:2)
  3 bats (D:1)
  5 frilled lizards
  9 goblins
  3 rats (D:1)
43 creatures vanquished.

Vanquished Creatures (others)
  A kobold (D:2)
  2 plants (D:1)
3 creatures vanquished.

Grand Total: 46 creatures vanquished

Notes
Turn   | Place    | Note
-------+----------+-------------------------------------------
     0 | D:1      | voltaire321 the Deep Elf Earth Elementalist began the quest
                  | for the Orb.
     0 | D:1      | Reached XP level 1. HP: 10/10 MP: 6/6
   175 | D:1      | Reached XP level 2. HP: 13/16 MP: 8/8
   850 | D:1      | Reached XP level 3. HP: 9/20 MP: 6/9
  1418 | D:2      | Learned a level 2 spell: Passwall
  1422 | D:2      | Learned a level 3 spell: Stone Arrow
  1449 | D:2      | Reached skill level 1 in Fighting
  1558 | D:2      | Reached XP level 4. HP: 13/25 MP: 5/11
  2199 | D:2      | Upgraded the game from 0.28.0 to 0.28.0-53-g5a82cb258f
  2199 | D:2      | Quit the game

Illustrated notes

Levels and vault maps discovered:
D:1:      dpeg_arrival_ternary, layout_rooms, serial_bayou, serial_bayou_pond_b,
          serial_bayou_pond_e, serial_bayou_lake_a, serial_bayou_shore_b,
          serial_bayou_lagoon_a, serial_bayou_crossing,
          nicolae_concentric_dashed_squares_mild, st_stairs_8
D:2:      minmay_diamond_boxcup, layout_loops_ring, lemuel_flame_loot_1

Skill      XL: |  1  2  3 |
---------------+----------+-----
Dodging        | 3 |  3.3
Fighting       | 1 |  1.3
Transmutations | 2 |  2.2
Stealth        | |  2.4
Spellcasting   | |  3.7
Conjurations   | |  0.8
Earth Magic    | |  3.8

Action                   |  1- 3 |  4- 6 || total
-------------------------+-------+-------++-------
Melee: Dagger            |    35 |       ||    35
       Punch             |     1 |       ||     1
       Spear             |       |    24 ||    24
 Cast: Sandblast         |    29 |     4 ||    33
 Stab: Sleeping          |     6 |     2 ||     8
Armor: Robe              |     5 |     3 ||     8
Dodge: Dodged            |    26 |    10 ||    36
